 Dungeon Crawl Stone Soup version 0.28.0-43-g3370ac3207 (webtiles) character file.

Game seed: 12045883725328710689

136 Pinkishskies the Skirmisher (level 4, -3/41 HPs)
             Began as a Minotaur Fighter on Mar 8, 2022.
             Slain by a goblin
             ... wielding a +0 whip
             ... led by Robin
              (8 damage)
             ... on level 3 of the Dungeon.
             The game lasted 00:08:35 (2070 turns).

Pinkishskies the Skirmisher (Minotaur Fighter)      Turns: 2070, Time: 00:08:36

Health: -3/41      AC:  9    Str: 28    XL:     4   Next: 98%
Magic:  3/3        EV: 10    Int:  5    God:
Gold:   60         SH:  4    Dex: 10    Spells: 3/3 levels left

rFire   . . .      SeeInvis .   d - +0 flail (protect)
rCold   . . .      Faith    .   c - +0 buckler
rNeg    . . .      Spirit   .   j - +3 ring mail {rPois}
rPois   +          Reflect  .   (helmet restricted)
rElec   .          Harm     .   (no cloak)
rCorr   .          Rampage  .   (no gloves)
Will    .....                   (no boots)
Stlth   ..........              n - amulet of the acrobat
HPRegen 0.13/turn               k - +6 ring of strength
MPRegen 0.08/turn               (no ring)

@: mighty
A: horns 2, retaliatory headbutt
a: no special abilities


You were on level 3 of the Dungeon.
You visited 1 branch of the dungeon, and saw 3 of its levels.

You collected 60 gold pieces.

Inventory:

Hand Weapons
 a - a +0 long sword
 d - a +0 flail of protection (weapon)
Armour
 b - a +0 scale mail
 c - a +0 buckler (worn)
 i - a +0 ring mail
 j - a +3 ring mail of poison resistance (worn)
Jewellery
 f - a ring of fire
 k - a +6 ring of strength (left hand)
 n - an amulet of the acrobat (around neck)
Scrolls
 e - a scroll of teleportation {unknown}
 g - a scroll of fear {unknown}
 h - a scroll of holy word {unknown}
 l - a scroll of brand weapon {unknown}
 o - a scroll of silence {unknown}


   Skills:
 + Level 4.6 Fighting
 - Level 1.5(2.1) Short Blades
 - Level 2.4(2.7) Long Blades
 * Level 2.5 Maces & Flails
 + Level 4.5 Armour
 + Level 4.3 Shields


You had 3 spell levels left.
You didn't know any spells.
Your spell library contained the following spells:

 Spells                   Type           Power      Damage    Failure   Level
 Summon Forest            Summ/Tloc      0%         N/A       100%        5
 Eringya's Noxious Bog    Tmut/Pois      0%         N/A       100%        6
 Summon Hydra             Summ           0%         N/A       100%        7


Dungeon Overview and Level Annotations

Branches:
Dungeon (3/15)

Altars:
Gozag
Yredelemnul

Annotations:
D:3 Robin


Innate Abilities, Weirdness & Mutations

You have a pair of horns on your head.
You reflexively headbutt those who attack you in melee.


Message History

You closely miss the goblin. You block the goblin's attack.
A goblin comes into view. It is wielding a +0 hand axe.
Robin throws the goblin at you! The hobgoblin barely misses you.
The goblin hits you with a +0 club. The goblin closely misses you.
You furiously retaliate!
You headbutt the goblin.
You kill the goblin!
A goblin comes into view. It is wielding a +0 whip.
The hobgoblin hits you but does no damage.
You feel very mighty all of a sudden.
The goblin shouts!
The goblin hits you with a +0 club. The hobgoblin closely misses you.
The hobgoblin barely misses you.
You closely miss the goblin. You block the goblin's attack.
The hobgoblin barely misses you.
A hobgoblin comes into view. It is wielding a +0 club.
The hobgoblin closely misses you. Robin throws the goblin at you!
You block the goblin's attack.
You completely miss the goblin. Your headbutt misses the goblin.
The goblin completely misses you.
A goblin comes into view. It is wielding a +0 dagger.
A hobgoblin comes into view.
The hobgoblin barely misses you. You block the goblin's attack.
The goblin barely misses you. You furiously retaliate!
You headbutt the goblin!
You kill the goblin!
The hobgoblin hits you.
You barely miss the hobgoblin.
The goblin shouts!
Robin throws the goblin at you! The hobgoblin closely misses you.
The goblin hits you but does no damage. The goblin barely misses you.
The hobgoblin closely misses you.
You barely miss the hobgoblin. The goblin hits you with a +0 hand axe.
You block the hobgoblin's attack. The goblin hits you but does no damage.
The hobgoblin hits you from afar with a +0 spear!
* * * LOW HITPOINT WARNING * * *
The goblin completely misses you.
Sorry, you're not good enough to have a special ability.
You closely miss the goblin. Your headbutt misses the goblin.
The hobgoblin hits you but does no damage.
The goblin hits you with a +0 whip!
You die...

#..P.PP..P# ....
#.P.P..P..# #P........#
#...P.....# #####_##### ##
#...P..P.P### ..#
#.P...P.P.#.#########...
#P.....Pgg#.#....g......
#..P...P.@#.#..........
#.#.P..P.P#gg#......... .
#.#PPPP...##g#.....#####g..
. #..PP...##ggg...g..).....
..##...##.##.g....########
... #.P.#..........# ##
#.########......# ..
#......# #........


You could see Robin, 4 hobgoblins and 4 goblins.

Vanquished Creatures
  Terence (D:2)
  3 adders (D:2)
  2 worms (D:2)
  2 dart slugs
  8 ball pythons
  7 endoplasms
  5 giant cockroaches
  11 goblins
  6 hobgoblins
  3 jackals (D:1)
  2 quokkas (D:1)
  5 bats
  3 frilled lizards (D:2)
  8 kobolds
  2 rats
68 creatures vanquished.

Vanquished Creatures (others)
  A fungus (D:3)
  4 plants (D:3)
5 creatures vanquished.

Grand Total: 73 creatures vanquished

Notes
Turn   | Place    | Note
-------+----------+-------------------------------------------
     0 | D:1      | Pinkishskies the Minotaur Fighter began the quest for the
                  | Orb.
     0 | D:1      | Reached XP level 1. HP: 19/19 MP: 0/0
   252 | D:1      | Reached XP level 2. HP: 27/27 MP: 1/1
   533 | D:1      | Reached skill level 1 in Short Blades
   719 | D:1      | Reached XP level 3. HP: 28/33 MP: 2/2
   904 | D:2      | Noticed Terence
   913 | D:2      | Killed Terence
  1094 | D:2      | Reached XP level 4. HP: 41/41 MP: 3/3
  1533 | D:2      | Reached skill level 1 in Maces & Flails
  1897 | D:3      | Found a basalt altar of Yredelemnul.
  1963 | D:3      | Found an opulent altar of Gozag.
  2000 | D:3      | Found a faded altar of an unknown god.
  2042 | D:3      | Noticed Robin
  2070 | D:3      | Slain by a goblin

Illustrated notes

Levels and vault maps discovered:
D:1:      dpeg_arrival_windows_large_door, layout_loops_cross,
          chequers_serial_rivers_small_b
D:2:      minmay_diamond_boxcup, layout_rooms, grunt_ministairs_8, uniq_terence
D:3:      layout_basic, nicolae_gozag_seed_capital, okawaru_ov_weapons_minmay,
          lemuel_coloured_pillars_altar, shapermc_ecumenical_altar_gd,
          uniq_robin, uniq_crazy_yiuf_cottage

Skill      XL: |  1  2  3  4 |
---------------+-------------+-----
Armour         | 4 |  4.5
Fighting       | 4 |  4.6
Short Blades   | 1 |  1.5
Shields        | 4 |  4.3
Maces & Flails | 2 |  2.5
Long Blades    | |  2.4

Action                   |  1- 3 |  4- 6 || total
-------------------------+-------+-------++-------
Melee: Long sword        |    51 |       ||    51
       Headbutt          |    12 |     7 ||    19
       Flail             |    13 |    73 ||    86
  Use: Potion            |     1 |     1 ||     2
Armor: Scale mail        |    16 |       ||    16
       Ring mail         |     5 |    29 ||    34
Dodge: Dodged            |    27 |    44 ||    71
Block: Buckler           |    14 |    22 ||    36
